 Dungeon Crawl Stone Soup version 0.31.0-11-ge490571c62 (webtiles) character file.

Game seed: 13549830727100792409

22 qw the Shooter (level 2, -1/16 HPs)
             Began as a Deep Elf Hunter on Feb 4, 2024.
             Slain by a jackal (3 damage)
             ... on level 1 of the Dungeon.
             The game lasted 00:00:00 (284 turns).

qw the Shooter (Deep Elf Hunter)                     Turns: 284, Time: 00:00:01

Health: -1/16      AC:  3    Str:  8    XL:     2   Next: 68%
Magic:  4/4        EV: 12    Int: 13    God:
Gold:   26         SH:  0    Dex: 18    Spells: 1/1 levels left

rFire   . . .        a - +0 shortbow
rCold   . . .        (shield currently unavailable)
rNeg    . . .        c - +0 leather armour
rPois   .            (no helmet)
rElec   .            (no cloak)
rCorr   .            (no gloves)
SInv    .            (no boots)
Will    .....        (no amulet)
Stlth   ++           (no ring)
HPRegen 0.22/turn    (no ring)
MPRegen 0.09/turn

%: no passive effects
@: no status effects
A: no striking features
a: no special abilities


You were on level 1 of the Dungeon.
You visited 1 branch of the dungeon, and saw 1 of its levels.

You collected 26 gold pieces.


   Skills:
 - Level 1.5 Fighting
 + Level 6.4 Ranged Weapons
 - Level 2.4 Dodging
 - Level 1.2 Stealth


You had one spell level left.
You didn't know any spells.
Your spell library was empty.

Inventory:

Hand Weapons
 a - a +0 shortbow (weapon)
Armour
 c - a +0 leather armour (worn)
Scrolls
 b - a scroll of butterflies
 d - a scroll of amnesia {unknown}
 f - a scroll of immolation {unknown}
 h - a scroll of identify {unknown}
Potions
 e - a potion of invisibility {unknown}
 g - 2 potions of attraction {unknown}

Dungeon Overview and Level Annotations

Branches:
Dungeon (1/15)

Altars:


Message History

274 ||| RETREEEEATING.
You shoot an arrow. The arrow hits the ball python.
The ball python is severely wounded.
The ball python misses you. The ball python closely misses you. x2
The ball python grabs you. The ball python constricts you.
You shoot an arrow.
The arrow hits the ball python but does no damage.
The ball python is severely wounded.
The ball python bites you. The ball python constricts you.
You shoot an arrow.
The arrow barely misses the ball python.
The ball python barely misses you. The ball python constricts you.
You shoot an arrow.
The arrow closely misses the ball python.
The ball python bites you. The ball python constricts you.
The ball python bites you. The ball python constricts you.
You shoot an arrow. The arrow hits the ball python.
You kill the ball python!
You hear a bark!
You hear a shout!
You shoot an arrow. The arrow hits the goblin!
You kill the goblin!
You hear a bark! x3; You hear a shout!
The jackal bites you.
You shoot an arrow. The arrow closely misses the jackal.
The jackal bites you.
A jackal comes into view.
You shoot an arrow. The jackal barks!
The arrow hits the jackal.
The jackal is almost dead.
You hear a bark!
The jackal closely misses you. The jackal bites you.
You shoot an arrow. The arrow barely misses the jackal.
The jackal barely misses you.
You shoot an arrow.
The arrow hits the jackal but does no damage.
The jackal is almost dead.
The giant cockroach bites you but does no damage.
The jackal bites you.
You die...

##############.#.#.#.#######.#
#.#.#...........#
#.#.#...#######.# # #.#.#...#
###.#.#..###########.
...#.#.......%......
###.#.##.############
#$.hBh.......#
...%....#@##.###.#
##...B..#.##.# #h.h...#.##.#
#K####..#.##.# . #..#.##.#
#..#.##.# #.......# ...


You could see 2 jackals and a giant cockroach.

Vanquished Creatures
  A dart slug (D:1)
  4 bats (D:1)
  An endoplasm (D:1)
  A giant cockroach (D:1)
  2 goblins (D:1)
  2 hobgoblins (D:1)
  A kobold (D:1)
  4 ball pythons (D:1)
  2 frilled lizards (D:1)
  A rat (D:1)
19 creatures vanquished.

Notes
Turn   | Place    | Note
-------+----------+-------------------------------------------
     0 | D:1      | qw the Deep Elf Hunter began the quest for the Orb.
     0 | D:1      | Reached XP level 1. HP: 12/12 MP: 3/3
     0 | D:1      | 0 ||| qw: Version: 0.3-a-160-g6735b56
     0 | D:1      | 0 ||| qw: Game counter: 5231
     0 | D:1      | 0 ||| qw: Melee chars always use a shield: true
     0 | D:1      | 0 ||| qw: God list: Okawaru
     0 | D:1      | 0 ||| qw: Allow faded altars: false
     0 | D:1      | 0 ||| qw: Do Orc after clearing Dungeon:15 true
     0 | D:1      | 0 ||| qw: Do second Lair branch before Depths: true
     0 | D:1      | 0 ||| qw: Lair rune preference: random
     0 | D:1      | 0 ||| qw: Goals: Normal
     0 | D:1      | 0 ||| PLANNING D:1-11
    89 | D:1      | Reached XP level 2. HP: 16/16 MP: 4/4
    94 | D:1      | Reached skill level 6 in Ranged Weapons
   273 | D:1      | 273 ||| RETREEEEATING.
   274 | D:1      | 274 ||| RETREEEEATING.
   280 | D:1      | HP: 3/16 [jackal (2)]
   284 | D:1      | Slain by a jackal

Levels and vault maps discovered:
D:1:      mrwooster_arrival_statue_2, layout_basic, minmay_vboxes

Skill      XL: |  1  2 |
---------------+-------+-----
Ranged Weapons | 6 |  6.4
Fighting       | |  1.5
Dodging        | |  2.4
Stealth        | |  1.2

Action                     || total
---------------------------++-------
   Fire: Shortbow          ||    58
 Armour: Leather armour    ||    19
  Dodge: Dodged            ||    18

Table legend:
 A = Non-vault XP
 B = Vault XP
 C = Vault XP percentage of total XP
 D = Non-vault monster count
 E = Vault monster count
 F = Vault count percentage of total count
                 A         B        C        D         E       F
            +---------+---------+-------+---------+---------+-------
      Total |      28 |       4 |  12.5 |      17 |       2 |  10.5
            +---------+---------+-------+---------+---------+-------
        D:1 |      28 |       4 |  12.5 |      17 |       2 |  10.5
            +---------+---------+-------+---------+---------+-------
